 Dungeon Crawl Stone Soup version 0.29.0-4-gdea44cf6ec (webtiles) character file.

Game seed: 16462869914751112981

735 qw the Chopper (level 7, -5/44 HPs)
             Began as a Gargoyle Fighter on Sept 6, 2022.
             Slain by a vampire mosquito (6 damage)
             ... on level 5 of the Dungeon.
             The game lasted 00:02:16 (5065 turns).

qw the Chopper (Gargoyle Fighter)                   Turns: 5065, Time: 00:02:17

Health: -5/44      AC: 14    Str: 22    XL:     7   Next: 74%
Magic:  0/7        EV:  9    Int:  8    God:
Gold:   255        SH:  8    Dex:  9    Spells: 6/6 levels left

rFire   + . .      SeeInvis .   Y - +2 war axe
rCold   . . .      Faith    .   h - +0 kite shield
rNeg    + . .      Spirit   +   a - +3 ring mail {rF+}
rPois   inf        Reflect  .   (no helmet)
rElec   +          Harm     .   (no cloak)
rCorr   .          Rampage  .   (no gloves)
Will    .....                   n - +0 pair of boots
Stlth   ..........              b - amulet of guardian spirit
HPRegen 0.14/turn               (no ring)
MPRegen 0.10/turn               (no ring)

@: no status effects
A: sickness immunity, AC +4, negative energy resistance 1, electricity
resistance, torment resistance 1, petrification resistance
a: no special abilities


You were on level 5 of the Dungeon.
You visited 1 branch of the dungeon, and saw 5 of its levels.

You collected 255 gold pieces.


Innate Abilities, Weirdness & Mutations

You are immune to sickness and miasma.
Your stone body is resilient. (AC +4)
You are immune to poison.
You resist negative energy. (rN+)
You are resistant to electric shocks. (rElec)
You are resistant to unholy torment.
You are immune to petrification.


   Skills:
 - Level 4.7 Fighting
 + Level 5.7 Axes
 - Level 3.2 Armour
 - Level 1.8 Dodging
 - Level 5.4 Shields


You had 6 spell levels left.
You didn't know any spells.
Your spell library was empty.

Inventory:

Hand Weapons
 i - a +0 flail
 Y - a +2 war axe (weapon)
Missiles
 m - a boomerang (quivered)
Armour
 a - a +3 ring mail of fire resistance (worn)
 h - a +0 kite shield (worn)
 n - a +0 pair of boots (worn)
Jewellery
 b - an amulet of guardian spirit (around neck)
Scrolls
 c - a scroll of identify
Potions
 d - a potion of might
 e - a potion of haste
 g - a potion of mutation {unknown}
 l - a potion of degeneration {unknown}

Dungeon Overview and Level Annotations

Branches:
Dungeon (5/15)
 Temple: D:4-7

Altars:
Dithmenos

Shops:
D:3 (


Message History

The vampire mosquito bites you but does no damage. x2
You block the vampire mosquito's attack.
The vampire mosquito bites you.
The vampire mosquito bites you but does no damage.
You slash the vampire mosquito!
You destroy the vampire mosquito!
You closely miss the vampire mosquito. The vampire mosquito bites you.
The vampire mosquito closely misses you.
The ufetubus hits you but does no damage.
The ufetubus closely misses you.
The vampire mosquito bites you but does no damage.
You barely miss the vampire mosquito.
The vampire mosquito is heavily damaged.
You barely miss the ufetubus. You block the ufetubus's attack. x2
The vampire mosquito bites you but does no damage.
You block the ufetubus's attack.
The ufetubus hits you but does no damage.
The vampire mosquito bites you.
The ufetubus hits you but does no damage.
The ufetubus barely misses you.
You barely miss the vampire mosquito.
The vampire mosquito is heavily damaged.
You closely miss the ufetubus. The vampire mosquito bites you.
The vampire mosquito bites you but does no damage.
The ufetubus barely misses you.
The ufetubus hits you but does no damage.
The vampire mosquito bites you but does no damage.
You block the ufetubus's attack. x2
You hit the vampire mosquito.
The vampire mosquito is heavily damaged.
You hit the ufetubus.
The vampire mosquito bites you but does no damage.
The ufetubus closely misses you. The ufetubus barely misses you.
The vampire mosquito bites you.
The white imp shouts, "Away with thee, thou dankish tickle-brained strumpet!"
You block the ufetubus's attack. x2; The vampire mosquito bites you!
You die...

.#.# ##.#. ....
...# ...# 5..##
####yo..# #..@5#
###....# #..)..##
##.....###
######..........
###................
.......)).........!
#..................
#........<.........


You could see a vampire mosquito, an orc wizard, a white imp and an ufetubus.

Vanquished Creatures
  A vampire mosquito (D:5)
  Duvessa (D:5)
  2 necrophages (D:5)
  Dowan (D:5)
  A hound (D:4)
  An orc priest (D:4)
  Ijyb (D:4)
  Terence (D:2)
  An iguana (D:4)
  Natasha (D:2)
  3 gnolls (D:3)
  4 adders
  A shadow imp (D:3)
  4 worms
  4 dart slugs
  6 orcs
  6 bats
  8 endoplasms
  5 giant cockroaches
  6 goblins
  4 hobgoblins
  2 quokkas
  7 ball pythons
  3 frilled lizards
  13 kobolds
  8 rats
95 creatures vanquished.

Vanquished Creatures (others)
  4 plants
4 creatures vanquished.

Grand Total: 99 creatures vanquished

Notes
Turn   | Place    | Note
-------+----------+-------------------------------------------
     0 | D:1      | qw the Gargoyle Fighter began the quest for the Orb.
     0 | D:1      | Reached XP level 1. HP: 14/14 MP: 1/1
     0 | D:1      | 0 ||| qw: Version: 0.1-a-108-g9e35731
     0 | D:1      | 0 ||| qw: Game counter: 6276
     0 | D:1      | 0 ||| qw: Always use a shield: true
     0 | D:1      | 0 ||| qw: God list: Okawaru
     0 | D:1      | 0 ||| qw: Allow faded altars: false
     0 | D:1      | 0 ||| qw: Do Orc after D:15 true
     0 | D:1      | 0 ||| qw: Do second Lair branch before Depths: true
     0 | D:1      | 0 ||| qw: Lair rune preference: random
     0 | D:1      | 0 ||| qw: Plans: Normal, Zot, God:TSO, Crypt, Tomb, Zig,
                  | Orb
     0 | D:1      | 0 ||| PLANNING D:1-11
   285 | D:1      | Reached XP level 2. HP: 19/19 MP: 2/2
   295 | D:1      | 295 ||| Stepping ~*~*~tactically~*~*~ (stealth).
   505 | D:1      | 505 ||| Stepping ~*~*~tactically~*~*~ (stealth).
   510 | D:1      | 510 ||| Stepping ~*~*~tactically~*~*~ (stealth).
   613 | D:1      | Reached skill level 3 in Axes
   630 | D:1      | Reached XP level 3. HP: 23/23 MP: 3/3
   686 | D:1      | 686 ||| DROPPING +0 club.
   857 | D:1      | 857 ||| UPGRADING to +0 kite shield.
   867 | D:1      | 867 ||| DROPPING +0 buckler.
   868 | D:1      | 868 ||| DROPPING +3 leather armour.
   869 | D:1      | 869 ||| READING scroll labelled REDEMNA KOPHUGI.
   870 | D:1      | 870 ||| READING scroll labelled HIMOSY HEZUTS.
   871 | D:1      | 871 ||| DRINKING 2 amethyst potions.
   979 | D:2      | 979 ||| Stepping ~*~*~tactically~*~*~ (stealth).
  1238 | D:2      | Noticed Terence
  1259 | D:2      | Killed Terence
  1260 | D:2      | Reached XP level 4. HP: 11/28 MP: 4/4
  1264 | D:2      | 1264 ||| FLEEEEING.
  1349 | D:2      | 1349 ||| FLEEEEING.
  1350 | D:2      | 1350 ||| FLEEEEING.
  1351 | D:2      | 1351 ||| FLEEEEING.
  1352 | D:2      | 1352 ||| FLEEEEING.
  1353 | D:2      | 1353 ||| FLEEEEING.
  1354 | D:2      | 1354 ||| FLEEEEING.
  1355 | D:2      | 1355 ||| FLEEEEING.
  1356 | D:2      | 1356 ||| FLEEEEING.
  1357 | D:2      | 1357 ||| FLEEEEING.
  1358 | D:2      | 1358 ||| FLEEEEING.
  1359 | D:2      | 1359 ||| FLEEEEING.
  1362 | D:2      | 1362 ||| FLEEEEING.
  1363 | D:2      | 1363 ||| FLEEEEING.
  1364 | D:2      | 1364 ||| FLEEEEING.
  1365 | D:2      | 1365 ||| FLEEEEING.
  1366 | D:2      | 1366 ||| FLEEEEING.
  1367 | D:2      | 1367 ||| FLEEEEING.
  1368 | D:2      | 1368 ||| FLEEEEING.
  1369 | D:2      | 1369 ||| FLEEEEING.
  1370 | D:2      | 1370 ||| FLEEEEING.
  1371 | D:2      | 1371 ||| FLEEEEING.
  1372 | D:2      | 1372 ||| FLEEEEING.
  1375 | D:2      | 1375 ||| FLEEEEING.
  1376 | D:2      | 1376 ||| FLEEEEING.
  1377 | D:2      | 1377 ||| FLEEEEING.
  1378 | D:2      | 1378 ||| FLEEEEING.
  1379 | D:2      | 1379 ||| FLEEEEING.
  1380 | D:2      | 1380 ||| FLEEEEING.
  1381 | D:2      | 1381 ||| FLEEEEING.
  1382 | D:2      | 1382 ||| FLEEEEING.
  1383 | D:2      | 1383 ||| FLEEEEING.
  1386 | D:2      | 1386 ||| FLEEEEING.
  1387 | D:2      | 1387 ||| FLEEEEING.
  1388 | D:2      | 1388 ||| FLEEEEING.
  1389 | D:2      | 1389 ||| FLEEEEING.
  1390 | D:2      | 1390 ||| FLEEEEING.
  1391 | D:2      | 1391 ||| FLEEEEING.
  1392 | D:2      | 1392 ||| FLEEEEING.
  1393 | D:2      | 1393 ||| FLEEEEING.
  1394 | D:2      | 1394 ||| FLEEEEING.
  1396 | D:2      | 1396 ||| FLEEEEING.
  1397 | D:2      | 1397 ||| FLEEEEING.
  1398 | D:2      | 1398 ||| FLEEEEING.
  1402 | D:2      | 1402 ||| STAIRDANCE
  1438 | D:1      | 1438 ||| READING scroll labelled CUSMIF GINOSUST.
  1736 | D:2      | Noticed Natasha
  1737 | D:2      | 1737 ||| Stepping ~*~*~tactically~*~*~ (hiding).
  1739 | D:2      | 1739 ||| Stepping ~*~*~tactically~*~*~ (hiding).
  1743 | D:2      | Killed Natasha
  2068 | D:2      | 2068 ||| Stepping ~*~*~tactically~*~*~ (hiding).
  2271 | D:2      | Found a faded altar of an unknown god.
  2276 | D:2      | 2276 ||| UPGRADING to +3 ring mail of fire resistance.
  2286 | D:2      | 2286 ||| DROPPING +0 scale mail.
  2287 | D:2      | 2287 ||| READING scroll labelled GIUWIAHAUMN.
  2288 | D:2      | 2288 ||| READING scroll labelled ONLETW DESUR.
  2308 | D:3      | 2308 ||| PLANNING SEWER
  2490 | D:3      | Found Anwuuh's Antique Weapon Emporium.
  2495 | D:3      | 2495 ||| SHOPLISTING runed mace (192 gold, have 114).
  2524 | D:3      | Reached XP level 5. HP: 32/32 MP: 5/5
  2619 | D:3      | 2619 ||| Stepping ~*~*~tactically~*~*~ (hiding).
  2730 | D:3      | 2730 ||| Stepping ~*~*~tactically~*~*~ (stealth).
  2839 | D:3      | 2839 ||| READING scroll of enchant weapon.
  2839 | D:3      | 2839 ||| ENCHANTING +1 war axe.
  2841 | D:3      | 2841 ||| Stepping ~*~*~tactically~*~*~ (hiding).
  2843 | D:3      | 2843 ||| Stepping ~*~*~tactically~*~*~ (hiding).
  2844 | D:3      | 2844 ||| Stepping ~*~*~tactically~*~*~ (hiding).
  2856 | D:3      | 2856 ||| Stepping ~*~*~tactically~*~*~ (hiding).
  3065 | D:3      | 3065 ||| RIP SEWER
  3109 | D:3      | 3109 ||| PLANNING D:1-11
  3624 | D:3      | 3624 ||| UPGRADING to amulet of guardian spirit.
  3674 | D:4      | 3674 ||| PLANNING OSSUARY
  3686 | D:4      | Reached XP level 6. HP: 35/37 MP: 6/6
  4146 | D:4      | 4146 ||| DROPPING +0 whip.
  4394 | D:4      | 4394 ||| RIP OSSUARY
  4396 | D:4      | 4396 ||| PLANNING D:1-11
  4481 | D:4      | Found a shadowy altar of Dithmenos.
  4552 | D:4      | Noticed Ijyb
  4567 | D:4      | Killed Ijyb
  4754 | D:4      | Identified the +0 robe of Starshine {Will- Str+5 Int+4}
  4835 | D:4      | 4835 ||| UPGRADING to +0 pair of boots.
  4840 | D:4      | 4840 ||| READING scroll labelled WIUREE WOERRE.
  4841 | D:4      | 4841 ||| READING scroll labelled RIHULL LUZUEHE.
  4842 | D:4      | 4842 ||| READING 2 scrolls of identify.
  4842 | D:4      | 4842 ||| IDENTIFYING white potion
  4893 | D:5      | Entered Level 5 of the Dungeon
  4893 | D:5      | Noticed Duvessa
  4893 | D:5      | Noticed Dowan
  4903 | D:5      | Reached skill level 1 in Dodging
  4912 | D:5      | Killed Dowan
  4912 | D:5      | HP: 9/37 [Duvessa/+0 short sword (4)]
  4913 | D:5      | Reached XP level 7. HP: 10/42 MP: 4/7
  4913 | D:5      | 4913 ||| DRINKING potion of heal wounds.
  4914 | D:5      | Killed Duvessa
  5051 | D:5      | Noticed a vampire mosquito
  5053 | D:5      | Noticed a vampire mosquito
  5062 | D:5      | Killed a vampire mosquito
  5062 | D:5      | HP: 9/44 [vampire mosquito (5)]
  5064 | D:5      | HP: 3/44 [vampire mosquito (3)]
  5065 | D:5      | HP: 1/44 [vampire mosquito (2)]
  5065 | D:5      | Slain by a vampire mosquito

Levels and vault maps discovered:
D:1:      lightli_arrival_quake, layout_loops_ring, minmay_pentomino_v2
D:2:      layout_basic, shapermc_ecumenical_altar_acropolis, uniq_natasha,
          uniq_terence
D:3:      minmay_wonky_spiral, layout_basic, serial_shops, nicolae_shop_stone,
          portal_sewer_entry_d, grunt_decor_resistance, chequers_big_river,
          minivault_14, chequers_serial_rivers_micro_e, minmay_misc_feat_plants,
          chequers_serial_rivers_micro_c
D:4:      layout_loops_corners, grunt_dithmenos_smoke_and_mirrors,
          nicolae_ossuary_entry_ruins, uniq_ijyb
D:5:      minmay_bubble_buster, layout_cave_pools,
          mainiacjoe_overflow_boulevard, kennysheep_mini_moat,
          amcnicky_altar_gilded, minmay_misc_feat_alley, serial_bayou_pond_b,
          uniq_blork_the_orc, uniq_pikel, uniq_duvessa, uniq_edmund

Skill      XL: |  1  2  3  4  5  6  7 |
---------------+----------------------+-----
Axes           | 2 3 4 5 |  5.7
Shields        | 4 5 |  5.4
Dodging        | 1 |  1.8
Fighting       | 4 |  4.7
Armour         | |  3.2

Action                   |  1- 3 |  4- 6 |  7- 9 || total
-------------------------+-------+-------+-------++-------
Melee: War axe           |   124 |   212 |    31 ||   367
Throw: Boomerang         |       |     7 |       ||     7
  Use: Scroll            |     2 |     7 |       ||     9
       Potion            |     1 |       |     1 ||     2
Armor: Scale mail        |    59 |    21 |       ||    80
       Ring mail         |       |    67 |    29 ||    96
Dodge: Dodged            |    51 |    69 |    19 ||   139
Block: Buckler           |    19 |       |       ||    19
       Kite shield       |    24 |    91 |    34 ||   149

Table legend:
 A = Non-vault XP
 B = Vault XP
 C = Vault XP percentage of total XP
 D = Non-vault monster count
 E = Vault monster count
 F = Vault count percentage of total count
                 A         B        C        D         E       F
            +---------+---------+-------+---------+---------+-------
      Total |     714 |     337 |  32.1 |      84 |      11 |  11.6
            +---------+---------+-------+---------+---------+-------
        D:1 |      34 |       2 |   5.6 |      21 |       2 |   8.7
        D:2 |      43 |      68 |  61.3 |      18 |       2 |  10.0
        D:3 |     126 |      20 |  13.7 |      28 |       4 |  12.5
        D:4 |     143 |      36 |  20.1 |      13 |       1 |   7.1
        D:5 |     368 |     211 |  36.4 |       4 |       2 |  33.3
            +---------+---------+-------+---------+---------+-------
